Map: Blackpink LE

Players

BIGBOY (PartinG)

  • Race: Protoss Protoss
  • League: Grandmaster
  • Spawn Location: 1:00

llllllllllll (Elazer) - Winner!

  • Race: Zerg Zerg
  • League: Grandmaster
  • Spawn Location: 7:00

VOD

Have the link to the VOD?

Description

Time

  • Played on: Feb. 8, 2018, 9:25 a.m.
  • Length: 10:52
Show
View Real Time Build Order
Export as new Build Order

BIGBOY Protoss 

Build Orders: 1 Gate Expand, Oracle Opening, Phoenix Opening 

Get SALT Encoding   

  12  0:00  Probe  
  13  0:12  Probe  
  14  0:20  Pylon  
  14  0:24  Probe  
  15  0:38  Probe (Chrono Boost), Gateway  
  16  0:46  Probe (Chrono Boost)  
  16  0:47  Assimilator  
  17  0:52  Probe (Chrono Boost)  
  19  1:04  Probe (Chrono Boost)  
  19  1:11  Probe (Chrono Boost)  
  20  1:24  Nexus  
  20  1:33  Cybernetics Core  
  20  1:41  Assimilator  
  20  1:42  Probe  
  21  1:48  Pylon  
  21  1:54  Probe  
  22  2:06  Probe  
  22  2:08  Adept (Chrono Boost)  
  23  2:13  Stargate  
  25  2:18  Probe  
  26  2:23  Warp Gate  
  26  2:27  Adept  
  28  2:36  Probe (Chrono Boost)  
  29  2:38  Probe (Chrono Boost)  
  30  2:47  Probe (Chrono Boost)  
  30  2:48  Probe (Chrono Boost)  
  32  2:53  Gateway  
  32  2:55  Oracle (Chrono Boost)  
  35  3:00  Probe  
  35  3:01  Probe  
  37  3:11  Shield Battery  
  37  3:12  Probe  
  38  3:13  Probe  
  38  3:19  Adept  
  41  3:22  Pylon  
  41  3:27  Phoenix  
  41  3:31  Probe x2  
  45  3:43  Probe x2  
  45  3:47  Twilight Council  
  47  3:51  Pylon  
  47  3:55  Probe x2  
  49  4:00  Robotics Facility  
  49  4:04  Assimilator  
  49  4:06  Assimilator  
  49  4:08  Probe x2  
  51  4:14  Forge  
  51  4:18  Resonating Glaives (Chrono Boost)  
  51  4:19  Pylon  
  51  4:20  Probe x2  
  53  4:24  Gateway  
  53  4:33  Probe x2  
  53  4:37  Adept  
  57  4:38  Adept  
  57  4:45  Probe x2  
  61  4:48  Observer  
  61  4:49  Protoss Ground Weapons Level 1 (Chrono Boost)  
  62  5:05  Nexus  
  62  5:06  Pylon  
  62  5:08  Adept  
  62  5:09  Adept  
  66  5:14  Probe x2  
  68  5:26  Photon Cannon  
  68  5:27  Shield Battery  
  68  5:28  Adept  
  70  5:33  Robotics Bay  
  70  5:35  Probe x2  
  72  5:47  Sentry x2, Immortal (Chrono Boost)  
  72  5:48  Sentry  
  76  5:56  Pylon  
  76  5:57  Pylon  
  76  6:14  Adept x3, Void Ray  
  76  6:16  Immortal (Chrono Boost)  
  85  6:35  Adept x3  
  69  6:50  Immortal (Chrono Boost)  
  62  6:58  Stalker x3  
  62  7:01  Probe  
  53  7:08  Probe  
  51  7:21  Probe x2  
  52  7:25  Blink  
  52  7:32  Protoss Ground Weapons Level 2 (Chrono Boost)  
  52  7:33  Probe (Chrono Boost)  
  52  7:34  Probe (Chrono Boost), Pylon  
  52  7:35  Probe (Chrono Boost)  
  55  7:43  Probe (Chrono Boost)  
  58  7:44  Probe x2 (Chrono Boost)  
  58  7:49  Probe x2 (Chrono Boost)  
  60  7:55  Probe  
  61  7:59  Probe x2  
  63  8:06  Disruptor (Chrono Boost)  
  63  8:07  Probe  
  63  8:11  Probe x2  
  69  8:19  Probe  
  70  8:24  Probe  
  70  8:25  Gateway  
  71  8:29  Gateway  
  71  8:33  Probe x2  
  73  8:35  Sentry, Gateway  
  73  8:36  Probe, Sentry  
  78  8:45  Probe  
  78  8:47  Sentry  
  77  8:51  Probe x2  
  77  8:52  Disruptor (Chrono Boost)  
  79  8:57  Probe  
  83  9:03  Pylon  
  83  9:04  Probe x2  
  83  9:05  Sentry  
  88  9:10  Probe  
  88  9:14  Gateway  
  88  9:15  Gateway  
  88  9:21  Probe x2  
  88  9:22  Probe, Disruptor (Chrono Boost)  
  88  9:24  Pylon  
  91  9:26  Assimilator  
  91  9:29  Assimilator  
  94  9:36  Sentry  
  94  9:37  Sentry  
  98  9:46  Stalker x2  
  102  9:54  Photon Cannon  
  102  9:56  Photon Cannon  
  102  10:00  Stalker x3  
  100  10:18  Stalker x3  
  98  10:26  Stalker x3  
  83  10:41  Stalker  
  83  10:42  Stalker x3  
Show
View Real Time Build Order
Export as new Build Order

llllllllllll Zerg - Winner!

Build Orders: Hatch First, Roach Hydra 

Get SALT Encoding   

  12  0:00  Drone  
  13  0:12  Overlord  
  13  0:17  Drone  
  14  0:30  Drone x2  
  16  0:48  Hatchery  
  15  0:51  Drone  
  15  0:55  Drone  
  17  1:06  Drone  
  17  1:09  Extractor  
  17  1:13  Spawning Pool  
  17  1:17  Drone  
  17  1:28  Drone  
  18  1:38  Drone  
  19  1:49  Drone  
  20  2:00  Queen x2  
  24  2:02  Zergling x4  
  26  2:09  Metabolic Boost  
  26  2:10  Overlord  
  26  2:12  Drone  
  27  2:21  Drone  
  28  2:29  Drone  
  29  2:33  Drone x2  
  31  2:43  Hatchery  
  30  2:46  Queen  
  32  2:51  Overlord  
  32  2:56  Drone  
  32  2:57  Drone  
  34  2:59  Drone  
  35  3:08  Drone  
  35  3:11  Drone  
  35  3:12  Drone  
  38  3:13  Drone x2  
  40  3:20  Drone  
  40  3:23  Queen  
  43  3:28  Spore Crawler, Drone x2  
  44  3:39  Overlord  
  44  3:56  Lair, Overlord  
  44  3:58  Drone x8  
  52  4:03  Queen  
  52  4:05  Drone x2  
  56  4:11  Roach Warren  
  56  4:15  Extractor x2  
  53  4:17  Drone x3  
  53  4:19  Drone  
  57  4:25  Spore Crawler  
  57  4:26  Drone x2  
  57  4:27  Spore Crawler  
  57  4:30  Overlord  
  57  4:32  Drone  
  57  4:34  Overlord  
  58  4:45  Overlord x2  
  58  4:51  Roach x3  
  58  4:52  Roach  
  66  4:55  Glial Reconstitution  
  66  4:57  Roach  
  66  4:58  Roach  
  69  5:03  Overlord  
  69  5:08  Roach x3  
  69  5:12  Roach x2  
  79  5:17  Roach x2  
  79  5:20  Roach x2  
  87  5:27  Roach x2  
  91  5:31  Overlord  
  91  5:32  Overlord  
  91  5:33  Roach  
  91  5:34  Roach  
  95  5:38  Roach  
  97  5:45  Roach  
  97  5:49  Zergling x2  
  96  5:50  Zergling x18  
  96  5:57  Zergling x10  
  104  6:01  Ravager  
  104  6:02  Ravager  
  104  6:03  Ravager  
  111  6:06  Zergling x6  
  111  6:10  Overlord  
  111  6:12  Ravager  
  111  6:13  Zergling x4  
  112  6:18  Zergling x4  
  112  6:19  Zergling x2  
  112  6:21  Overlord  
  109  6:26  Ravager x2  
  93  6:42  Drone x2  
  93  6:43  Drone x2  
  93  6:45  Drone x3  
  91  6:48  Extractor  
  91  6:49  Drone x6, Hydralisk Den  
  91  6:52  Evolution Chamber  
  83  7:00  Drone x2, Overlord  
  77  7:02  Drone x3  
  74  7:14  Hatchery  
  72  7:22  Zerg Missile Weapons Level 1, Muscular Augments  
  66  7:23  Drone  
  66  7:24  Drone x4  
  66  7:25  Extractor  
  66  7:26  Hydralisk x5  
  80  7:31  Roach x2  
  80  7:35  Extractor  
  80  7:36  Roach x3  
  89  7:38  Roach  
  89  7:43  Hydralisk  
  93  7:44  Zergling x6  
  93  7:51  Hydralisk x2  
  96  7:55  Overseer  
  96  7:56  Zergling x8  
  96  7:57  Zergling x2  
  105  8:02  Overlord  
  105  8:06  Overlord  
  105  8:15  Hydralisk  
  105  8:16  Hydralisk x2  
  111  8:25  Overlord  
  111  8:27  Drone x9  
  111  8:28  Lurker Den  
  111  8:33  Grooved Spines  
  119  8:34  Pneumatized Carapace  
  119  8:36  Hydralisk  
  119  8:37  Hydralisk x2  
  125  8:41  Overlord  
  121  8:50  Hydralisk x5  
  121  8:55  Hydralisk x3  
  130  8:58  Hydralisk  
  138  9:06  Zergling x8  
  142  9:11  Zergling x10  
  147  9:17  Zergling x2  
  147  9:18  Zergling x4  
  150  9:36  Hydralisk  
  150  9:37  Hydralisk x6  
  164  9:41  Hydralisk  
  164  9:42  Zergling x12  
  172  9:46  Overlord  
  172  9:47  Overlord  
  172  9:59  Hatchery  
  171  10:08  Hydralisk  
  171  10:09  Hydralisk x5  
  171  10:13  Zergling x10  
  171  10:14  Zergling x2  
  186  10:20  Hydralisk x7  
  186  10:25  Overlord  
Tags
 
Add a new tag
Caveats
  • Supply blocks, unpowered buildings, or Contaminate may cause inaccurate times.
  • Supply counts are checked every 10 seconds.